 Dungeon Crawl Stone Soup version 0.30.1-3-gfc49f6343a (webtiles) character file.

Game seed: 661761541325838620

4312 javelincjr the Magician (level 10, -13/74 (76) HPs)
             Began as a Demonspawn Hedge Wizard on July 25, 2023.
             Was a Follower of Sif Muna.
             Mangled by a skeletal warrior
             ... wielding a +0 scimitar
              (23 damage)
             ... on level 8 of the Dungeon.
             The game lasted 00:33:40 (6548 turns).

javelincjr the Magician (Demonspawn Hedge Wizard)   Turns: 6548, Time: 00:33:42

HP:   -13/74 (76)   AC:  7    Str: 10    XL:     10   Next: 11%
MP:   3/19          EV: 18    Int: 21    God:    Sif Muna [*.....]
Gold: 569           SH:  0    Dex: 12    Spells: 14/22 levels left

rFire   + . .        u - +10 rapier "Utrim" {flame, *Slow rPois rF+ rC+ rCorr}
rCold   + . .        (no shield)
rNeg    . . .        b - +0 robe
rPois   +            c - +0 hat
rElec   .            l - +0 cloak
rCorr   +            q - +1 pair of gloves
SInv    .            (no boots)
Will    .....        h - amulet of the acrobat
Stlth   +++          F - +4 ring of slaying
HPRegen 0.32/turn    B - +5 ring of evasion
MPRegen 0.16/turn

%: slow self (1%), acrobat
@: slowed, lightly drained, very slow
A: claws 1, rugged brown scales 2, powered by death 1
a: Renounce Religion, Channel Magic


You were on level 8 of the Dungeon.
You worshipped Sif Muna.
Sif Muna was aware of your devotion.
You visited 2 branches of the dungeon, and saw 9 of its levels.

You collected 569 gold pieces.

Inventory:

Hand Weapons
 u - the +10 rapier "Utrim" (weapon) {flame, *Slow rPois rF+ rC+ rCorr}
   (You found it on level 2 of the Dungeon)

   rF:        It protects you from fire.
   rC:        It protects you from cold.
   rPois:     It protects you from poison.
   rCorr:     It protects you from acid and corrosion.
   *Slow:     It may slow you when you take damage.
 P - a +4 trident
Missiles
 k - 2 curare-tipped darts
 A - 21 poisoned darts
Armour
 b - a +0 robe (worn)
 c - a +0 hat (worn)
 l - a +0 cloak (worn)
 p - a scarf of harm
 q - a +1 pair of gloves (worn)
 I - a +4 chain mail of willpower
Jewellery
 a - an amulet of faith
 f - a ring of ice
 h - an amulet of the acrobat (around neck)
 v - a ring of willpower
 y - a ring of see invisible
 B - a +5 ring of evasion (right hand)
 F - a +4 ring of slaying (left hand)
 O - a +6 ring of strength
 Q - a +5 ring of evasion
Wands
 g - a wand of paralysis (12)
 C - a wand of flame (23)
Scrolls
 e - 3 scrolls of teleportation
 i - a scroll of immolation {unknown}
 n - 2 scrolls of poison {unknown}
 o - 2 scrolls of blinking
 s - 4 scrolls of fog
 t - 3 scrolls of enchant armour {unknown}
 w - 2 scrolls of butterflies {unknown}
 D - a scroll of fear {unknown}
 E - 3 scrolls of vulnerability
 G - 2 scrolls of amnesia {unknown}
 N - a scroll of identify
Potions
 d - 2 potions of magic
 j - 3 potions of mutation {unknown}
 m - 3 potions of brilliance {unknown}
 r - a potion of berserk rage
 x - 3 potions of curing
 z - a potion of haste {unknown}
 H - 5 potions of lignification
 J - 2 potions of flight {unknown}
 K - a potion of ambrosia {unknown}
 L - a potion of cancellation {unknown}
 M - a potion of might


   Skills:
 + Level 4.3 Fighting
 * Level 5.6 Short Blades
 + Level 4.4 Dodging
 + Level 4.7 Stealth
 * Level 6.6 Spellcasting
 + Level 4.5 Conjurations
 + Level 4.5 Summonings
 + Level 4.1 Translocations
 + Level 4.2 Invocations


You had 14 spell levels left.
You knew the following spells:

 Your Spells              Type           Power      Damage    Failure   Level
a - Magic Dart            Conj           100%       1d8       1%          1
b - Call Imp              Summ           52%        N/A       2%          2
c - Blink                 Tloc           48%        N/A       2%          2
d - Mephitic Cloud        Conj/Pois/Air  13%        N/A       16%         3

Your spell library contained the following spells:

 Spells                   Type           Power      Damage    Failure   Level
 Apportation              Tloc           48%        N/A       1%          1
 Slow                     Hex            24%        N/A       10%         1
 Cigotuvi's Dreadful Rot  Necr/Pois/Air  12%        N/A       14%         2
 Ozocubu's Armour         Ice            6%         N/A       28%         3
 Alistair's Intoxication  Tmut/Pois      4%         N/A       95%         5
 Ozocubu's Refrigeration  Ice            3%         4d8       100%        7


Dungeon Overview and Level Annotations

Branches:
Dungeon (8/15)             Temple (1/1) D:5
   Lair: D:8-11

Altars:
Ashenzari
Cheibriados
Dithmenos
Fedhas
Gozag
Hepliaklqana
Kikubaaqudgha
Makhleb
Nemelex Xobeh
Qazlal
Ru
Sif Muna
Trog
Uskayaw
Vehumet
Wu Jian
Xom
Yredelemnul

Shops:
D:2 (


Innate Abilities, Weirdness & Mutations

You have sharp fingernails.
You are mostly covered in rugged brown scales. (AC +2, +5% HP)
You regenerate a little health from kills.


Message History

The wight hits your cerulean imp with a +2 dire flail.
Your cerulean imp hits the skeletal warrior but does no damage.
The skeletal warrior throws a stone.
The stone barely misses you.
The skeletal warrior throws a stone.
The stone completely misses you.
The skeletal warrior throws a stone.
The stone hits your cerulean imp!
Your cerulean imp dies!
Your cerulean imp disappears in a puff of smoke!
You barely miss the skeletal warrior. You puncture the skeletal warrior!
You burn the skeletal warrior.
The skeletal warrior is lightly damaged.
The skeletal warrior misses you.
You puncture the skeletal warrior! You burn the skeletal warrior.
The skeletal warrior is moderately damaged.
The skeletal warrior completely misses you.
You hit the skeletal warrior but do no damage.
The skeletal warrior is moderately damaged.
The skeletal warrior hits you with a +0 scimitar!!
You feel yourself slow down.
You puncture the skeletal warrior! You burn the skeletal warrior.
The skeletal warrior is heavily damaged.
The skeletal warrior hits you with a +0 scimitar!!
The skeletal warrior completely misses you.
The wight hits you from afar with a +3 halberd.
You feel drained. The wight completely misses you.
You hit the skeletal warrior. You burn the skeletal warrior.
The skeletal warrior is heavily damaged.
The skeletal warrior completely misses you.
The wight completely misses you. x2
Unknown command.
You hit the skeletal warrior. You burn the skeletal warrior.
The skeletal warrior is severely damaged.
The skeletal warrior hits you with a +0 scimitar!
The wight barely misses you. The wight closely misses you.
You barely miss the skeletal warrior.
The skeletal warrior is severely damaged.
The skeletal warrior hits you with a +0 scimitar!
* * * LOW HITPOINT WARNING * * *
The wight barely misses you. The wight misses you.
The skeletal warrior hits you with a +0 scimitar!!
You die...

#....###.##
#####.....##.#
.....[....##.#
..####....##.#
##### ..#
#))..##.# #.>.#
..# #....##.#
#...## .##
##..##..###....##
.#
##.#5.z.##.<...#
.##
###..###..#@....#
..####.5.##
##zzz...##
...##zz###
##....## .#....##
##..## ....###
##..# ...####
##..# .#....#
#..# ).....# #..#
.....## #..


You could see a skeletal warrior and 2 wights.

Vanquished Creatures
  A centaur warrior (D:8)
  A hornet (D:7)
  Eustachio (D:4)
  2 steam dragons
  Menkaure (D:4)
  Duvessa (D:4)
  3 ice beasts
  A sky beast (D:7)
  The ghost of hawla the Firebug, an amateur MeFE of Vehumet (D:3)
  A centaur (D:7)
  2 ogres (D:4)
  2 kobold brigands
  2 phantoms
  2 bullfrogs (D:8)
  4 scorpions
  6 wights (D:8)
  Dowan (D:4)
  3 howler monkeys
  2 orc priests
  A gnoll bouda (D:8)
  2 hounds
  2 jellies
  2 iguanas (D:5)
  Jessica (D:2)
  Terence (D:3)
  A sleepcap (D:7)
  2 orc wizards
  4 gnolls (D:8)
  10 adders
  A shadow imp (D:8)
  A white imp (D:8)
  An ufetubus (D:7)
  A worm (D:5)
  A dart slug (D:1)
  13 orcs
  6 ball pythons
  2 bats
  3 endoplasms
  3 giant cockroaches
  3 goblins
  5 hobgoblins
  2 jackals (D:1)
  3 frilled lizards
  9 kobolds
  2 rats
119 creatures vanquished.

Vanquished Creatures (collateral kills)
  Sigmund (D:4)
  A steam dragon (D:8)
  2 bullfrogs (D:8)
  A howler monkey (D:8)
  An orc priest (D:5)
  An adder (D:6)
  An orc (D:8)
  A bat (D:2)
  A goblin (D:2)
  A kobold (D:8)
  A rat (D:1)
12 creatures vanquished.

Vanquished Creatures (others)
  A sky beast (D:8)
  A gnoll (D:8)
  An orc (D:8)
  5 kobolds (D:8)
8 creatures vanquished.

Grand Total: 139 creatures vanquished

Notes
Turn   | Place    | Note
-------+----------+-------------------------------------------
     0 | D:1      | javelincjr the Demonspawn Hedge Wizard began the quest for
                  | the Orb.
     0 | D:1      | Reached XP level 1. HP: 13/13 MP: 4/4
   142 | D:1      | You fall into a shaft and drop 1 floor!
   168 | D:2      | Found Coguaviu's Weapon Shoppe.
   225 | D:1      | Reached skill level 1 in Translocations
   617 | D:1      | Gained mutation: You are partially covered in rugged brown
                  | scales. (AC +1, +3% HP) [demonic ancestry]
   617 | D:1      | Reached XP level 2. HP: 13/19 MP: 4/6
   620 | D:1      | Learned a level 2 spell: Call Imp
   623 | D:1      | Learned a level 2 spell: Blink
  1275 | D:2      | Noticed Jessica
  1287 | D:2      | Killed Jessica
  1288 | D:2      | Reached XP level 3. HP: 25/25 MP: 2/7
  1450 | D:2      | Identified the +10 rapier "Utrim" {flame, *Slow rPois rF+
                  | rC+ rCorr}
  1783 | D:3      | Noticed Terence
  1790 | D:3      | Killed Terence
  1791 | D:3      | Reached skill level 1 in Fighting
  1791 | D:3      | Gained mutation: You are mostly covered in rugged brown
                  | scales. (AC +2, +5% HP) [demonic ancestry]
  1791 | D:3      | Reached XP level 4. HP: 26/33 MP: 5/9
  1906 | D:3      | Reached skill level 1 in Short Blades
  2123 | D:3      | Found a runed translucent door.
  2124 | D:3      | Noticed hawla's ghost (amateur MeFE)
  2190 | D:3      | Killed hawla's ghost
  2191 | D:3      | Gained mutation: You regenerate a little health from kills.
                  | [demonic ancestry]
  2191 | D:3      | Reached XP level 5. HP: 26/38 MP: 7/10
  2298 | D:4      | Noticed Sigmund
  2315 | D:4      | Killed Sigmund
  2316 | D:4      | Reached skill level 4 in Spellcasting
  2316 | D:4      | Reached XP level 6. HP: 45/46 MP: 9/12
  2579 | D:4      | Noticed Eustachio
  2594 | D:4      | Killed Eustachio
  2595 | D:4      | Gained mutation: You have sharp fingernails. [demonic
                  | ancestry]
  2595 | D:4      | Reached XP level 7. HP: 34/52 MP: 11/13
  2642 | D:4      | Noticed Menkaure
  2648 | D:4      | Killed Menkaure
  2799 | D:4      | Noticed Duvessa
  2801 | D:4      | Noticed Dowan
  2817 | D:4      | Killed Duvessa
  2818 | D:4      | Killed Dowan
  3023 | D:5      | Entered Level 5 of the Dungeon
  3162 | D:5      | Reached XP level 8. HP: 59/59 MP: 15/15
  3488 | D:5      | Found an ornate altar of the Wu Jian Council.
  3488 | D:5      | Found a snail-covered altar of Cheibriados.
  3536 | D:5      | Found a staircase to the Ecumenical Temple.
  3561 | Temple   | Entered the Ecumenical Temple
  3677 | Temple   | Became a worshipper of Sif Muna the Loreminder
  3893 | D:5      | Reached skill level 5 in Spellcasting
  4491 | D:6      | Reached skill level 1 in Invocations
  4969 | D:7      | Noticed a hornet
  4976 | D:7      | Killed a hornet
  4976 | D:7      | Reached * piety under Sif Muna
  4977 | D:7      | Reached XP level 9. HP: 52/67 MP: 15/17
  4981 | D:7      | Learned a level 3 spell: Mephitic Cloud
  5352 | D:7      | Found a hide-covered altar of Uskayaw.
  5616 | D:8      | Noticed a centaur warrior
  5621 | D:8      | Reached skill level 6 in Spellcasting
  5643 | D:8      | Killed a centaur warrior
  5644 | D:8      | Reached skill level 5 in Short Blades
  5845 | D:8      | Identified the +11 mace of Giapp {holy, Will+ Dex+3}
  5888 | D:8      | Noticed a skeletal warrior
  6243 | D:8      | Reached XP level 10. HP: 74/75 MP: 12/19
  6548 | D:8      | Mangled by a skeletal warrior

Illustrated notes

Levels and vault maps discovered:
D:1:      zaba_arrival_water, layout_basic, serial_bayou, serial_bayou_pond_c,
          serial_bayou_crossing, serial_bayou_pond_e
D:2:      layout_rooms, serial_shops, nicolae_shop_crystal, minmay_pentomino_u2,
          uniq_jessica
D:3:      kennysheep_big_flooded_room, layout_rooms, gammafunk_ghost_grave,
          kennysheep_doodads, uniq_terence
D:4:      layout_basic, dk_noncrumbling_4, uniq_duvessa, uniq_menkaure,
          uniq_sigmund, uniq_eustachio
D:5:      layout_basic, nicolae_overflow_two_pavilions, temple_green,
          minmay_misc_feat_tower, lightli_corner_chamber
D:6:      layout_loops_ring
D:7:      wander_river, layout_basic, nicolae_uskayaw_murder_on_the_dancefloor
D:8:      cheibrodos_fzero, layout_cave_pods
Temple:   dpeg_five_rooms_temple

Skill      XL: |  1  2  3  4  5  6  7  8  9 |
---------------+----------------------------+-----
Translocations | 1 2 3 4 |  4.1
Stealth        | 2 3 4 |  4.7
Dodging        | 2 3 4 |  4.4
Fighting       | 1 2 3 4 |  4.3
Short Blades   | 1 2 3 4 5 |  5.6
Spellcasting   | 4 5 6 |  6.6
Conjurations   | 2 3 4 |  4.5
Summonings     | 2 3 4 |  4.5
Invocations    | 2 4 |  4.2

Action                     |  1- 3 |  4- 6 |  7- 9 | 10-12 || total
---------------------------+-------+-------+-------+-------++-------
  Melee: Dagger            |    45 |       |       |       ||    45
         Rapier            |    13 |    31 |   179 |    18 ||   241
         Punch             |       |       |       |     1 ||     1
   Cast: Magic Dart        |    29 |    12 |    43 |    25 ||   109
         Call Imp          |    10 |     4 |    22 |     7 ||    43
         Mephitic Cloud    |       |       |     4 |       ||     4
         Blink             |       |       |     1 |       ||     1
    Use: Scroll            |       |       |     8 |       ||     8
   Stab: Sleeping          |       |     1 |     5 |       ||     6
         Distracted        |       |       |     3 |       ||     3
         Confused          |       |       |     1 |       ||     1
 Armour: Robe              |    15 |    12 |    33 |     2 ||    62
  Dodge: Dodged            |    44 |    20 |   152 |    26 ||   242
